Map: 아크로폴리스 - 래더

Players

Bunny - Winner!

  • Race: Terran Terran
  • Spawn Location: 5:00

Clem

  • Race: Terran Terran
  • League: Master
  • Spawn Location: 11:00

Event: HomeStory Cup XX

VOD

Have the link to the VOD?

Description

Time

  • Played on: Nov. 22, 2019, 8:33 a.m.
  • Length: 11:42

All games in this series

Show
View Real Time Build Order
Export as new Build Order

Bunny Terran - Winner!

Build Orders: Cyclone Opening, Gas First Reaper Expand, Mech 

Get SALT Encoding   

  12  0:00  SCV  
  13  0:12  SCV  
  14  0:16  Supply Depot  
  14  0:25  SCV  
  14  0:27  Refinery  
  15  0:38  SCV  
  16  0:43  Barracks  
  16  0:50  SCV  
  17  1:02  SCV  
  18  1:14  SCV  
  19  1:30  Orbital Command, Reaper  
  20  1:43  Command Center  
  20  1:54  Factory  
  20  1:58  SCV  
  21  2:05  Marine  
  22  2:09  Supply Depot  
  22  2:11  SCV  
  23  2:20  Refinery  
  23  2:24  Barracks Reactor  
  23  2:31  SCV  
  24  2:39  Factory Tech Lab  
  24  2:43  SCV  
  25  2:55  SCV  
  25  2:58  Cyclone  
  25  3:03  Marine x2  
  25  3:05  Orbital Command  
  30  3:09  SCV  
  30  3:12  Starport  
  30  3:21  Marine, SCV  
  33  3:33  Cyclone  
  36  3:34  Marine  
  36  3:38  SCV  
  37  3:46  Supply Depot  
  37  3:48  Starport Tech Lab  
  37  3:52  SCV  
  38  4:02  Command Center  
  38  4:06  Raven  
  40  4:13  SCV  
  41  4:20  Orbital Command  
  41  4:25  SCV  
  45  4:31  Siege Tank  
  45  4:38  SCV  
  43  4:45  SCV  
  43  4:50  Refinery, SCV  
  44  4:56  Refinery  
  44  4:57  SCV  
  45  5:02  SCV  
  45  5:05  Supply Depot  
  49  5:09  SCV  
  49  5:14  SCV, Raven  
  49  5:15  Supply Depot  
  49  5:17  Orbital Command  
  50  5:22  SCV  
  50  5:26  SCV  
  50  5:28  Siege Tank  
  55  5:34  SCV  
  56  5:38  Engineering Bay, SCV  
  57  5:44  SCV  
  57  5:46  Factory, SCV  
  59  5:50  Factory, SCV  
  59  5:56  Supply Depot  
  60  6:00  Siege Tank  
  60  6:03  SCV x3  
  66  6:05  Starport Reactor  
  66  6:09  Supply Depot  
  66  6:10  Missile Turret  
  66  6:15  SCV x2  
  68  6:21  Armory  
  68  6:27  Orbital Command, SCV x2  
  68  6:32  Refinery, Siege Tank  
  73  6:34  Refinery  
  73  6:38  Factory Reactor  
  73  6:39  SCV x2  
  75  6:48  Siege Tank  
  75  6:49  Viking  
  75  6:51  SCV x2  
  75  6:52  Viking  
  84  6:54  Command Center  
  84  6:56  SCV  
  84  7:03  Supply Depot, SCV x2  
  84  7:05  Siege Tank  
  89  7:08  SCV  
  89  7:14  Sensor Tower  
  91  7:15  SCV x2  
  91  7:17  Terran Vehicle Weapons Level 1  
  91  7:19  Hellion x2  
  91  7:22  Supply Depot, SCV  
  97  7:26  Viking x2  
  101  7:33  Armory  
  101  7:35  SCV  
  101  7:36  SCV x2  
  104  7:38  Missile Turret  
  104  7:40  Siege Tank  
  107  7:46  Siege Tank  
  107  7:47  Hellion x2  
  111  8:01  SCV x3  
  109  8:10  Viking x2  
  109  8:12  Siege Tank  
  116  8:17  Hellion x2  
  116  8:19  SCV x3  
  123  8:21  Supply Depot  
  123  8:22  Factory  
  123  8:23  Factory  
  123  8:30  Terran Vehicle And Ship Armor Level 1  
  123  8:32  Hellion, Infernal Pre-Igniter  
  123  8:33  Supply Depot  
  123  8:34  Missile Turret, SCV x2  
  127  8:38  Hellion  
  127  8:40  SCV  
  130  8:43  Missile Turret  
  130  8:46  SCV x2  
  130  8:47  Hellion  
  134  8:48  Siege Tank  
  134  8:54  Sensor Tower  
  137  8:58  Medivac  
  137  9:02  Supply Depot  
  139  9:03  Medivac, Supply Depot  
  139  9:05  Missile Turret  
  122  9:11  Siege Tank  
  122  9:13  Hellion  
  122  9:14  Hellion x3  
  129  9:20  SCV  
  129  9:21  Hellion, SCV x3  
  124  9:35  Hellion x2  
  124  9:38  Viking x2  
  127  9:40  Factory Tech Lab, Factory Reactor  
  127  9:42  Siege Tank  
  127  9:43  Siege Tank  
  132  9:45  SCV x2  
  132  9:46  SCV  
  132  9:48  Planetary Fortress  
  132  9:50  Missile Turret  
  134  9:55  Missile Turret  
  134  9:57  Hellion, Missile Turret  
  136  10:02  Siege Tank  
  139  10:10  Medivac x2  
  139  10:13  Hellion  
  145  10:16  Missile Turret  
  145  10:17  Refinery  
  145  10:18  Hellion, Refinery  
  145  10:26  Siege Tank  
  145  10:27  Siege Tank  
  141  10:29  Hellion x2  
  141  10:34  Hellion x2  
  144  10:36  SCV  
  144  10:37  SCV x3  
  144  10:40  Hellion  
  148  10:47  Medivac x2  
  152  10:50  Hellion  
  152  10:51  Supply Depot x2  
  154  11:04  Hellbat  
  154  11:13  Hellbat x3  
  164  11:26  SCV x2  
  164  11:27  SCV  
  169  11:39  Supply Depot  
Show
View Real Time Build Order
Export as new Build Order

Clem Terran 

Build Orders: 1/1/1 

Get SALT Encoding   

  12  0:00  SCV  
  13  0:13  SCV  
  14  0:17  Supply Depot  
  14  0:25  SCV  
  15  0:29  Refinery  
  15  0:38  SCV  
  16  0:44  Barracks  
  16  0:50  SCV  
  17  1:02  SCV  
  18  1:16  SCV  
  19  1:31  Orbital Command  
  19  1:32  Marine, Factory  
  20  1:39  Supply Depot  
  20  1:50  Reaper  
  21  1:57  SCV  
  22  2:09  SCV  
  25  2:15  Hellion  
  25  2:21  Marine, Command Center  
  26  2:29  Starport  
  26  2:32  SCV  
  26  2:37  Supply Depot  
  27  2:43  Hellion  
  29  2:50  Bunker  
  29  2:51  SCV  
  29  2:56  Reaper  
  31  3:03  SCV  
  32  3:07  Refinery  
  32  3:08  Starport Tech Lab  
  34  3:13  Hellion  
  34  3:16  SCV  
  35  3:20  Supply Depot  
  35  3:28  SCV  
  36  3:37  Refinery  
  36  3:39  Orbital Command  
  36  3:40  SCV  
  35  3:42  Factory Tech Lab, Barracks Reactor  
  35  3:52  SCV  
  36  4:01  Cyclone  
  38  4:04  SCV x2  
  40  4:16  SCV x2  
  39  4:18  Raven  
  39  4:22  Marine x2  
  41  4:28  SCV x2  
  40  4:40  SCV x2  
  41  4:46  Marine x2  
  41  4:47  Siege Tank  
  41  4:52  SCV x2  
  47  5:01  Barracks x2  
  47  5:02  Raven  
  47  5:04  SCV x2  
  51  5:08  Engineering Bay  
  51  5:09  Marine  
  51  5:10  Marine  
  53  5:16  SCV  
  53  5:17  SCV  
  53  5:19  Siege Tank  
  58  5:26  Supply Depot  
  58  5:29  SCV x2  
  58  5:32  Supply Depot  
  58  5:35  Terran Infantry Weapons Level 1  
  60  5:39  Refinery  
  60  5:41  SCV x2  
  62  5:49  Barracks Reactor  
  62  5:50  Stimpack  
  62  5:51  Marine  
  62  5:53  SCV x2  
  62  5:54  Supply Depot  
  62  5:55  Starport Reactor  
  65  5:59  Marine x2  
  65  6:03  Supply Depot  
  67  6:05  SCV x2  
  67  6:07  Siege Tank  
  72  6:13  Marine  
  72  6:17  SCV x2  
  75  6:18  Marine x2  
  77  6:27  Supply Depot, Command Center  
  77  6:28  Marine x2  
  77  6:29  SCV  
  77  6:31  Marine  
  81  6:36  Supply Depot  
  81  6:38  Marine x2  
  83  6:40  Medivac  
  83  6:42  Medivac  
  83  6:46  Marine, Siege Tank  
  91  6:51  Supply Depot  
  91  6:52  Marine x2  
  92  7:00  Supply Depot  
  91  7:01  Marine x2  
  93  7:09  Marine  
  93  7:10  Marine  
  93  7:12  Supply Depot  
  93  7:15  Barracks  
  95  7:16  Medivac x2, Barracks  
  95  7:17  Marine  
  95  7:19  Marine  
  101  7:28  Siege Tank  
  101  7:29  Combat Shield  
  104  7:31  Terran Infantry Armor Level 1  
  104  7:33  Marine  
  104  7:34  Marine x2  
  107  7:41  Marine x2  
  107  7:43  Orbital Command  
  109  7:49  Medivac x2  
  113  7:56  Marine  
  113  7:58  SCV  
  100  8:04  Marine  
  100  8:05  SCV  
  99  8:06  Marine  
  99  8:07  Marine  
  99  8:08  Orbital Command  
  99  8:09  Barracks Tech Lab, Barracks Reactor  
  99  8:10  Barracks Tech Lab  
  99  8:11  SCV  
  87  8:18  Marine  
  87  8:19  Medivac, Siege Tank  
  91  8:21  Marauder  
  91  8:22  SCV  
  91  8:23  SCV  
  95  8:27  Armory  
  95  8:28  Engineering Bay  
  95  8:31  Concussive Shells  
  95  8:32  Liberator  
  95  8:34  Marauder  
  97  8:35  Marauder  
  97  8:37  Marine x2  
  97  8:40  Marine x2  
  103  8:43  SCV  
  103  8:47  Marauder  
  106  8:51  SCV x2  
  106  8:55  Marine  
  111  8:56  Marine  
  111  8:58  Marine x2  
  111  8:59  Siege Tank  
  111  9:01  Marauder  
  120  9:06  Marauder  
  120  9:09  Marauder  
  122  9:10  SCV  
  122  9:16  Marine x2  
  116  9:20  Medivac  
  116  9:21  SCV  
  116  9:22  Marauder  
  116  9:24  Refinery, SCV x2  
  116  9:25  Refinery  
  116  9:27  Marauder  
  116  9:30  Marine x2  
  117  9:33  Marauder, SCV  
  117  9:36  SCV  
  117  9:37  Marine x2  
  115  9:38  SCV  
  115  9:43  Siege Tank  
  115  9:44  Marauder  
  120  9:46  Medivac  
  120  9:48  Marauder, Command Center  
  124  9:53  SCV x2  
  124  9:54  Marauder, Supply Depot  
  124  9:55  Marine x2  
  130  10:00  Medivac  
  130  10:05  Marauder  
  134  10:09  Marine x2, Supply Depot  
  134  10:13  Marauder  
  136  10:22  Marine x3  
  136  10:25  Medivac  
  126  10:29  Marine  
  126  10:30  Marauder  
  126  10:34  Marauder  
  124  10:39  Marine  
  124  10:41  Marauder  
  122  10:44  Marine x2  
  122  10:47  Supply Depot  
  124  10:51  Marauder  
  124  10:56  Marauder  
  128  10:57  Marine x2  
  128  11:01  Barracks x2  
  128  11:02  Marauder, SCV x2  
  128  11:04  Barracks  
  134  11:09  SCV  
  129  11:13  Marauder  
  129  11:17  Marine x4, Marauder  
Tags
 
Add a new tag
Caveats
  • Supply blocks, unpowered buildings, or Contaminate may cause inaccurate times.
  • Supply counts are checked every 10 seconds.